 Dungeon Crawl Stone Soup version 0.31.0 (webtiles) character file.

Game seed: 9829403271833064243

1953 qw the Skirmisher (level 9, 0/57 HPs)
             Began as a Gargoyle Hunter on Jan 19, 2024.
             Was an Initiate of Okawaru.
             Slain by an orc warrior
             ... wielding a +0 scimitar
              (9 damage)
             ... on level 7 of the Dungeon.
             The game lasted 00:00:23 (4698 turns).

qw the Skirmisher (Gargoyle Hunter)                 Turns: 4698, Time: 00:00:24

Health: 0/57       AC: 12    Str: 15    XL:     9   Next: 19%
Magic:  9/9        EV: 11    Int: 10    God:    Okawaru [......]
Gold:   407        SH:  0    Dex: 17    Spells: 8/8 levels left

rFire   . . .        l - +0 arbalest
rCold   . . .        (shield currently unavailable)
rNeg    + . .        h - +0 ring mail
rPois   inf          (helmet restricted)
rElec   +            (no cloak)
rCorr   .            (no gloves)
SInv    .            (no boots)
Will    .....        (no amulet)
Stlth   +            (no ring)
HPRegen 0.29/turn    (no ring)
MPRegen 0.11/turn

%: no passive effects
@: about to teleport
A: sickness immunity, AC +6, negative energy resistance 1, electricity
resistance, torment resistance 1, petrification resistance, horns 1
a: Renounce Religion


You were on level 7 of the Dungeon.
You worshipped Okawaru.
Okawaru was noncommittal.
You visited 2 branches of the dungeon, and saw 8 of its levels.

You collected 407 gold pieces.


Innate Abilities, Weirdness & Mutations

You are immune to sickness and miasma.
Your stone body is resilient. (AC +6)
You are immune to poison.
You resist negative energy. (rN+)
You are resistant to electric shocks. (rElec)
You are resistant to unholy torment.
You are immune to petrification.
You have a pair of small horns on your head.


   Skills:
 - Level 7.1 Fighting
 + Level 10.2 Ranged Weapons
 - Level 2.7 Armour
 - Level 2.0 Dodging
 - Level 1.1 Stealth


You had 8 spell levels left.
You didn't know any spells.
Your spell library was empty.

Inventory:

Hand Weapons
 l - a +0 arbalest (weapon)
Armour
 h - a +0 ring mail (worn)
Wands
 c - a wand of flame (11)
 i - a wand of acid (9)
Scrolls
 b - a scroll of teleportation
Potions
 a - a potion of attraction {unknown}
 d - 2 potions of curing
 e - 2 potions of mutation
 f - 4 potions of haste
 g - a potion of ambrosia {unknown}
 k - a potion of enlightenment

Dungeon Overview and Level Annotations

Branches:
Dungeon (7/15)             Temple (1/1) D:5

Altars:
Cheibriados
Elyvilon
Gozag
Kikubaaqudgha
Okawaru
Qazlal
Ru
Sif Muna
Trog
Uskayaw
Vehumet
Wu Jian
Xom
Zin
The Shining One

Shops:
D:4 *


Message History

You shoot a bolt. The bolt hits the orc warrior.
The orc warrior is lightly wounded.
The orc hits you but does no damage.
The orc warrior hits you with a +0 scimitar.
You shoot a bolt.
The bolt closely misses the orc warrior.
The orc closely misses you. The orc warrior barely misses you.
The orc hits you but does no damage.
The orc warrior hits you with a +0 scimitar.
You shoot a bolt. The bolt barely misses the orc warrior.
The orc hits you but does no damage. The orc warrior barely misses you.
You shoot a bolt.
The bolt hits the orc warrior but does no damage.
The orc warrior is lightly wounded.
The orc hits you with a +0 mace.
The orc warrior hits you with a +0 scimitar.
The orc misses you.
The orc warrior hits you with a +0 scimitar!
You shoot a bolt. The bolt barely misses the orc warrior.
The orc closely misses you.
The orc warrior hits you with a +0 scimitar.
You shoot a bolt. The bolt hits the orc warrior!
The orc warrior is heavily wounded.
The orc closely misses you.
The orc warrior hits you with a +0 scimitar!
The orc hits you but does no damage. The orc warrior barely misses you.
You shoot a bolt.
The bolt hits the orc warrior but does no damage.
The orc warrior is heavily wounded.
The orc hits you but does no damage.
The orc warrior hits you with a +0 scimitar.
4697 ||| READING 2 scrolls of teleportation.
As you read the scroll of teleportation, it crumbles to dust.
You feel strangely unstable. The orc hits you with a +0 mace.
The orc warrior barely misses you.
You shoot a bolt. The bolt hits the orc warrior!
The orc warrior is severely wounded.
The orc barely misses you.
The orc warrior hits you with a +0 scimitar!
You die...

[.# #.###.# #.#...#
####.#.#.# #####
#........# >...#
#........# .##.#
#..#.##..#
..#.####..#.....####.###
................@o......
..#.####..#.#...)o##..).
..........#.##....# .
###.###...........#
###.# #.#.#.###...#
##..###.#.........#
........#######.###
##.###### #. #.#


You could see an orc warrior and an orc.

Vanquished Creatures
  Grinder (D:3)
  2 water moccasins
  A sky beast (D:7)
  A black bear (D:6)
  An ogre (D:5)
  A phantom (D:5)
  A bullfrog (D:7)
  5 scorpions
  2 bombardier beetles
  2 jellies
  2 orc priests (D:4)
  A gnoll bouda (D:7)
  5 hounds
  5 iguanas
  A sleepcap (D:5)
  15 gnolls
  6 adders
  4 ufetubi
  A dart slug (D:5)
  3 ribbon worms
  16 orcs
  4 endoplasms
  3 giant cockroaches
  8 hobgoblins
  5 jackals
  4 kobolds
  5 quokkas
  8 ball pythons
  3 bats
  7 goblins
  5 rats
128 creatures vanquished.

Notes
Turn   | Place    | Note
-------+----------+-------------------------------------------
     0 | D:1      | qw the Gargoyle Hunter began the quest for the Orb.
     0 | D:1      | Reached XP level 1. HP: 12/12 MP: 1/1
     0 | D:1      | 0 ||| qw: Version: 0.3-a-132-g3d54051
     0 | D:1      | 0 ||| qw: Game counter: 308
     0 | D:1      | 0 ||| qw: Melee chars always use a shield: true
     0 | D:1      | 0 ||| qw: God list: Okawaru
     0 | D:1      | 0 ||| qw: Allow faded altars: false
     0 | D:1      | 0 ||| qw: Do Orc after clearing Dungeon:15 true
     0 | D:1      | 0 ||| qw: Do second Lair branch before Depths: true
     0 | D:1      | 0 ||| qw: Lair rune preference: random
     0 | D:1      | 0 ||| qw: Goals: Normal
     0 | D:1      | 0 ||| PLANNING D:1-11
   315 | D:1      | Reached XP level 2. HP: 17/17 MP: 2/2
   811 | D:1      | 811 ||| READING scroll labelled AGERAG JIJOMU.
   812 | D:1      | 812 ||| READING scroll labelled KUJIFY AFULOCS.
   913 | D:1      | 913 ||| READING scroll labelled XAPYIDUUVA.
   914 | D:1      | 914 ||| READING scroll labelled COIDWA VINAVIA.
   915 | D:1      | 915 ||| DROPPING scroll of butterflies.
  1057 | D:2      | 1057 ||| FLEEEEING.
  1060 | D:2      | 1060 ||| STAIRDANCE
  1088 | D:1      | 1088 ||| READING scroll labelled HAXYARGHEMIW.
  1088 | D:1      | 1088 ||| BRANDING +0 shortbow.
  1099 | D:2      | Reached XP level 3. HP: 21/21 MP: 3/3
  1220 | D:2      | Reached skill level 5 in Ranged Weapons
  1399 | D:2      | Found a faded altar of an unknown god.
  1403 | D:2      | 1403 ||| READING scroll labelled KEM FAOTAYXTOYDA.
  1407 | D:2      | 1407 ||| DRINKING 2 fizzy amethyst potions.
  1407 | D:2      | Gained mutation: You have a pair of small horns on your
                  | head. [potion of mutation]
  1408 | D:2      | 1408 ||| DRINKING 2 metallic black potions.
  1434 | D:3      | 1434 ||| STAIRDANCE
  1452 | D:3      | 1452 ||| STAIRDANCE
  1454 | D:2      | 1454 ||| FLEEEEING.
  1513 | D:3      | Noticed Grinder
  1541 | D:3      | Reached skill level 3 in Fighting
  1551 | D:3      | Killed Grinder
  1552 | D:3      | Reached skill level 7 in Ranged Weapons
  1552 | D:3      | Reached XP level 4. HP: 14/28 MP: 4/4
  1552 | D:3      | Reached XP level 5. HP: 16/32 MP: 5/5
  1552 | D:3      | Reached XP level 6. HP: 18/37 MP: 6/6
  1731 | D:3      | Found a shimmering altar of Xom.
  1814 | D:3      | Noticed a water moccasin
  1826 | D:3      | Killed a water moccasin
  1843 | D:3      | You fall into a shaft and drop 1 floor!
  1866 | D:4      | Reached XP level 7. HP: 44/44 MP: 7/7
  1884 | D:4      | 1884 ||| FLEEEEING.
  1894 | D:4      | 1894 ||| FLEEEEING.
  1895 | D:4      | 1895 ||| FLEEEEING.
  1896 | D:4      | 1896 ||| STAIRDANCE
  2049 | D:3      | Found a snail-covered altar of Cheibriados.
  2078 | D:3      | 2078 ||| UPGRADING to +0 ring mail.
  2088 | D:3      | 2088 ||| DROPPING +0 leather armour.
  2089 | D:3      | 2089 ||| READING scroll labelled BUAGRI LEITUKK.
  2089 | D:3      | 2089 ||| IDENTIFYING bubbling yellow potion
  2090 | D:3      | 2090 ||| DRINKING 2 fizzy green potions.
  2091 | D:3      | 2091 ||| DROPPING potion of degeneration.
  2133 | D:4      | Reached skill level 1 in Armour
  2148 | D:4      | Identified the +0 ring mail of Semaoczegh {rElec rPois
                  | Int-4}
  2203 | D:4      | Found Xiamu's Gadget Gallery.
  2219 | D:4      | 2219 ||| SHOPLISTING wand of charming (8) (230 gold, have
                  | 227).
  2219 | D:4      | 2219 ||| SHOPLISTING wand of roots (8) (230 gold, have
                  | 227).
  2453 | D:4      | 2453 ||| FLEEEEING.
  2545 | D:4      | Reached skill level 8 in Ranged Weapons
  2601 | D:4      | 2601 ||| DROPPING +0 ring mail of Semaoczegh {rElec rPois
                  | Int-4}.
  2602 | D:4      | 2602 ||| DROPPING +6 ring of intelligence.
  2603 | D:4      | 2603 ||| READING scroll labelled HEPNUG XYAG.
  2604 | D:4      | 2604 ||| FLEEEEING.
  2612 | D:4      | 2612 ||| STAIRDANCE
  2728 | D:5      | Entered Level 5 of the Dungeon
  2857 | D:5      | Found a staircase to the Ecumenical Temple.
  2858 | D:5      | 2858 ||| PLANNING TEMPLE
  2865 | Temple   | Entered the Ecumenical Temple
  2866 | Temple   | 2866 ||| PLANNING D:1-11
  2902 | D:5      | Reached XP level 8. HP: 35/49 MP: 8/8
  2902 | D:5      | 2902 ||| FLEEEEING.
  3024 | D:5      | Reached skill level 9 in Ranged Weapons
  3223 | D:5      | Found a bloodstained altar of Trog.
  3282 | D:5      | Found a glowing silver altar of Zin.
  3516 | D:6      | Reached skill level 6 in Fighting
  3800 | D:6      | 3800 ||| SWAPPING to +0 arbalest.
  3801 | D:6      | 3801 ||| DROPPING +0 shortbow of draining.
  4042 | D:6      | Reached skill level 10 in Ranged Weapons
  4115 | D:6      | Found an ornate altar of the Wu Jian Council.
  4115 | D:6      | Found an iron altar of Okawaru.
  4116 | D:6      | 4116 ||| PLANNING OKAWARU WORSHIP
  4116 | D:6      | 4116 ||| READING 3 scrolls of identify.
  4116 | D:6      | 4116 ||| IDENTIFYING bubbling amethyst potion
  4117 | D:6      | 4117 ||| READING 2 scrolls of identify.
  4117 | D:6      | 4117 ||| IDENTIFYING 2 silvery potions
  4118 | D:6      | 4118 ||| READING scroll of identify.
  4118 | D:6      | 4118 ||| IDENTIFYING scroll labelled ALAUTI KULO
  4119 | D:6      | 4119 ||| READING scroll labelled XAYKAUWUZI.
  4120 | D:6      | 4120 ||| DROPPING scroll of revelation.
  4121 | D:6      | 4121 ||| DROPPING 2 potions of brilliance.
  4129 | D:6      | Became a worshipper of Warmaster Okawaru
  4130 | D:6      | 4130 ||| PLANNING D:1-11
  4173 | D:7      | Reached XP level 9. HP: 56/56 MP: 9/9
  4215 | D:7      | 4215 ||| FLEEEEING.
  4489 | D:7      | 4489 ||| RETREEEEATING.
  4491 | D:7      | 4491 ||| RETREEEEATING.
  4505 | D:7      | 4505 ||| FLEEEEING.
  4564 | D:7      | 4564 ||| FLEEEEING.
  4565 | D:7      | 4565 ||| FLEEEEING.
  4569 | D:7      | 4569 ||| FLEEEEING.
  4570 | D:7      | 4570 ||| FLEEEEING.
  4571 | D:7      | 4571 ||| FLEEEEING.
  4572 | D:7      | 4572 ||| FLEEEEING.
  4573 | D:7      | 4573 ||| FLEEEEING.
  4574 | D:7      | 4574 ||| FLEEEEING.
  4575 | D:7      | 4575 ||| FLEEEEING.
  4576 | D:7      | 4576 ||| FLEEEEING.
  4577 | D:7      | 4577 ||| FLEEEEING.
  4578 | D:7      | 4578 ||| FLEEEEING.
  4579 | D:7      | 4579 ||| FLEEEEING.
  4580 | D:7      | 4580 ||| FLEEEEING.
  4581 | D:7      | 4581 ||| FLEEEEING.
  4582 | D:7      | 4582 ||| FLEEEEING.
  4583 | D:7      | 4583 ||| FLEEEEING.
  4584 | D:7      | 4584 ||| FLEEEEING.
  4696 | D:7      | HP: 13/57 [orc warrior/+0 scimitar (4)]
  4697 | D:7      | 4697 ||| READING 2 scrolls of teleportation.
  4698 | D:7      | Slain by an orc warrior

Levels and vault maps discovered:
D:1:      dpeg_arrival_another_circle, layout_basic, serial_forest,
          infiniplex_forest_lined_2, infiniplex_forest_clump_double,
          infiniplex_forest_lined_3, infiniplex_forest_diagonal,
          infiniplex_forest_lined_4_way, infiniplex_forest_corner_2,
          infiniplex_forest_zigzag_1
D:2:      layout_rooms, shapermc_ecumenical_altar_petra
D:3:      layout_rooms, mainiacjoe_overflow_catwalk,
          mainiacjoe_overflow_alcove_2, kennysheep_generic_room_8, uniq_grinder
D:4:      layout_rooms, nicolae_shop_gadgets
D:5:      layout_loops_cross, trog_hazing_becter, zin_scriptorium,
          minmay_temple_entry_glassed_door
D:6:      layout_basic, gammafunk_temple_overflow_pools
D:7:      layout_loops_corners, nemelex_dance_club_becter, lemuel_tele_altar,
          mainiacjoe_overflow_small_starburst
Temple:   nicolae_temple_cloud_nine

Skill      XL: |  1  2  3  4  5  6  7  8  9 |
---------------+----------------------------+-----
Ranged Weapons | 7 8 10 | 10.2
Fighting       | 3 4 5 6 7 |  7.1
Dodging        | 2 |  2.0
Armour         | 1 2 |  2.7
Stealth        | |  1.1

Action                     |  1- 3 |  4- 6 |  7- 9 || total
---------------------------+-------+-------+-------++-------
   Fire: Shortbow          |   120 |    52 |   239 ||   411
         Arbalest          |       |       |    78 ||    78
    Use: Scroll            |     6 |       |     7 ||    13
         Potion            |     2 |       |     1 ||     3
 Armour: Leather armour    |    35 |    13 |     1 ||    49
         Ring mail         |       |       |   161 ||   161
  Dodge: Dodged            |    43 |     9 |   142 ||   194

Table legend:
 A = Non-vault XP
 B = Vault XP
 C = Vault XP percentage of total XP
 D = Non-vault monster count
 E = Vault monster count
 F = Vault count percentage of total count
                 A         B        C        D         E       F
            +---------+---------+-------+---------+---------+-------
      Total |    2486 |     305 |  10.9 |     119 |       9 |   7.0
            +---------+---------+-------+---------+---------+-------
        D:1 |      25 |       0 |   0.0 |      15 |       0 |   0.0
        D:2 |      40 |       0 |   0.0 |       9 |       0 |   0.0
        D:3 |     228 |     293 |  56.2 |      22 |       3 |  12.0
        D:4 |     408 |       0 |   0.0 |      25 |       0 |   0.0
        D:5 |     646 |      12 |   1.8 |      14 |       6 |  30.0
        D:6 |     667 |       0 |   0.0 |      19 |       0 |   0.0
        D:7 |     472 |       0 |   0.0 |      15 |       0 |   0.0
            +---------+---------+-------+---------+---------+-------
